AoeStats
← 8

Arena

510219832Analyzed
4v4 RM · 3d ago on Sep 30, 2026· 39m 25s· 8 players
Game mode
Random Map
Map size
Large (8 player)
Population
200
Speed
Normal
Resources
Standard
Victory
Conquest
Starting age
Dark Age
Ending age
Imperial Age
RankedLock teamsTeams togetherTeam positionsShared explorationLock speedFull tech treeHidden civsTurbo modeCheats
Victory
Defeat
🇺🇸 Khmer · United States
1276
+12
🇺🇸 Dravidians · United States
1228
+14
🇮🇳 Persians · India
1123
+18
🇳🇿 Chinese · New Zealand
1101
+18
🇨🇴 Hindustanis · Colombia
1208
-17
🇲🇽 Mongols · Mexico
1166
-15
🇨🇳 Japanese · China
1162
-15
🇨🇴 Aztecs · Colombia
1158
-15
The Kraken
10:43 Feudal Age
14:36 Castle Age
12:33 Double-Bit Axe
12:52 Horse Collar
15:34 Bow Saw
22:40 Wheelbarrow
23:20 Loom
24:51 Hand Cart
24:31 Gold Mining
29:02 Imperial Age
26:36 Heavy Plow
26:34 Fletching
28:08 Gold Shaft Mining
27:24 Stone Mining
27:50 Bodkin Arrow
28:47 Ballistics
29:32 Stone Shaft Mining
29:34 Padded Archer Armor
29:12 Capped Ram
29:56 Bracer
30:59 Chemistry
30:39 Conscription
30:46 Bloodlines
30:36 Husbandry
31:08 Siege Ram
Coldplay
11:33 Feudal Age
12:44 Double-Bit Axe
12:52 Stone Mining
12:44 Horse Collar
15:12 Castle Age
14:23 Gold Mining
14:56 Scale Mail Armor
16:33 Forging
20:15 Loom
23:14 Wheelbarrow
29:04 Bow Saw
29:12 Heavy Plow
29:29 Stone Mining
32:09 Hand Cart
36:43 Imperial Age
34:53 Treadmill Crane
35:35 Ballistics
35:09 Fletching
35:56 Gold Shaft Mining
36:10 Chain Mail Armor
37:19 Iron Casting
36:38 Guard Tower
36:52 Yasama
38:25 Two-Man Saw
37:25 Bodkin Arrow
38:02 Conscription
38:33 Plate Mail Armor
40:18 Blast Furnace
karv.oficial
9:52 Feudal Age
10:39 Horse Collar
12:11 Wheelbarrow
11:30 Double-Bit Axe
14:17 Loom
16:59 Castle Age
18:07 Heavy Plow
23:32 Gold Mining
23:55 Bow Saw
28:36 Gold Shaft Mining
30:01 Stone Mining
30:40 Hand Cart
33:52 Imperial Age
31:20 Gambesons
31:36 Squires
31:22 Arson
30:57 Eagle Warrior
32:17 Stone Shaft Mining
33:22 Forging
33:12 Scale Mail Armor
34:04 Elite Eagle Warrior
35:26 Iron Casting
35:07 Chain Mail Armor
35:13 Man-at-Arms
36:48 Garland Wars
36:50 Conscription
37:39 Blast Furnace
36:32 Pikeman
36:39 Long Swordsman
36:42 Elite Jaguar Warrior
38:24 Plate Mail Armor
Saldeath
10:21 Feudal Age
11:27 Double-Bit Axe
14:28 Castle Age
12:10 Horse Collar
17:26 Forging
19:12 Forging
19:16 Gold Mining
20:29 Scale Barding Armor
22:25 Town Watch
24:08 Iron Casting
24:35 Wheelbarrow
24:34 Bloodlines
26:11 Chain Barding Armor
25:54 Loom
26:45 Heavy Plow
27:04 Bow Saw
31:11 Husbandry
32:47 Hand Cart
Ra
10:21 Feudal Age
13:38 Castle Age
11:29 Double-Bit Axe
12:00 Horse Collar
17:25 Bloodlines
17:08 Loom
17:38 Scale Barding Armor
21:53 Loom
22:43 Wheelbarrow
21:53 Town Watch
32:24 Hand Cart
33:31 Bow Saw
scrawnny12
10:43 Feudal Age
11:35 Double-Bit Axe
14:28 Castle Age
12:22 Horse Collar
16:11 Wheelbarrow
16:44 Heavy Plow
19:02 Bow Saw
20:44 Gold Mining
20:49 Stone Mining
22:08 Hand Cart
23:28 Gold Shaft Mining
23:41 Stone Shaft Mining
24:38 Town Watch
28:38 Imperial Age
27:34 Scale Mail Armor
27:44 Forging
28:41 Loom
29:32 Chain Mail Armor
29:53 Iron Casting
29:19 Elite Fire Lancer
30:06 Squires
31:53 Conscription
33:01 Plate Mail Armor
33:31 Blast Furnace
38:29 Chemistry
37:50 Ballistics
dipsh*t
10:19 Feudal Age
14:40 Castle Age
12:43 Double-Bit Axe
12:40 Horse Collar
13:15 Stone Mining
21:59 Loom
23:40 Bow Saw
23:32 Heavy Plow
24:50 Wheelbarrow
25:54 Hand Cart
29:52 Imperial Age
29:16 Hand Cart
28:55 Fletching
29:05 Padded Archer Armor
29:08 Squires
28:29 Pikeman
29:24 Forging
29:14 Scale Mail Armor
29:17 Gold Mining
30:44 Ballistics
31:33 Chemistry
30:15 Heavy Scorpion
30:39 Halberdier
32:04 Conscription
32:42 Iron Casting
32:22 Chain Mail Armor
32:02 Bodkin Arrow
35:08 Bodkin Arrow
35:28 Leather Archer Armor
37:27 Blast Furnace
36:58 Plate Mail Armor
37:18 Arson
38:04 Ring Archer Armor
8
10:09 Feudal Age
14:25 Castle Age
12:39 Double-Bit Axe
14:05 Fletching
17:02 Crossbowman
18:42 Bodkin Arrow
21:25 Loom
27:23 Bow Saw
28:55 Wheelbarrow
29:51 Gold Mining
30:38 Ballistics
35:10 Imperial Age
36:55 Chemistry
38:05 Bracer
Connection lost

Rejoining the realm…

Still unreachable

The connection could not be restored.

Session expired

The server has moved on; the page needs a fresh start.